 Dungeon Crawl Stone Soup version 0.22.1-1-ga44c0e5 (webtiles) character file.

310 dvd the Ruffian (level 6, -7/55 HPs)
             Began as a Troll Transmuter on Nov 10, 2018.
             Was an Initiate of Qazlal.
             Mangled by a river rat (8 damage)
             ... summoned by Eustachio
             ... while paralysed by the fury of Uskayaw
             ... on level 4 of the Dungeon.
             The game lasted 00:06:10 (2785 turns).

dvd the Ruffian (Troll Transmuter)                  Turns: 2785, Time: 00:06:10

Health: -7/55      AC:  6    Str: 19    XL:     6   Next: 18%
Magic:  8/8        EV:  1    Int: 11    God:    Qazlal [......]
Gold:   114        SH:  0    Dex: 10    Spells: 3/9 levels left

rFire    . . .     SeeInvis .     - Unarmed
rCold    . . .     Gourm    +   (no shield)
rNeg     . . .     Faith    .   b - +0 robe
rPois    .         Spirit   .   (helmet restricted)
rElec    .         Reflect  .   n - +0 cloak
rCorr    .         Harm     .   (gloves unavailable)
MR       .....                  (boots unavailable)
Stlth    +.........             l - amulet of magic regeneration
HPRegen  0.58/turn              (no ring)
MPRegen  0.36/turn              (no ring)

@: paralysed
A: large, unfitting armour, claws 3, fast metabolism 3, gourmand, regeneration
1, shaggy fur 1, tough skin 2
a: Renounce Religion


You were on level 4 of the Dungeon.
You worshipped Qazlal.
Qazlal was noncommittal.
You were very full.

You visited 1 branch of the dungeon, and saw 4 of its levels.

You collected 114 gold pieces.

Inventory:

Missiles
 a - 33 arrows
Armour
 b - a +0 robe (worn)
 n - a +0 cloak (worn)
Jewellery
 l - an amulet of magic regeneration (around neck)
Wands
 c - a wand of acid (6)
Scrolls
 e - 2 scrolls of enchant weapon
 f - a scroll of magic mapping
 g - 4 scrolls of teleportation
 i - 2 scrolls of remove curse
 j - 3 scrolls of identify {unknown}
Potions
 k - 2 potions of heal wounds {unknown}
 p - a potion of curing {unknown}
Comestibles
 d - 8 rations
 o - a chunk of flesh


   Skills:
 + Level 1.0 Fighting
 + Level 2.0 Dodging
 + Level 0.2 Stealth
 + Level 4.6 Unarmed Combat
 + Level 2.1 Spellcasting
 * Level 3.1 Transmutations


You had 3 spell levels left.
You knew the following spells:

 Your Spells              Type           Power        Failure   Level  Hunger
a - Beastly Appendage     Tmut           #.....       8%          1    ##.....
b - Blade Hands           Tmut           #.........   91%         5    ######.

Your spell library contained the following spells:

 Spells                   Type           Power        Failure   Level  Hunger
 Sticks to Snakes         Tmut           #.......     12%         2    ###....
 Spider Form              Tmut/Pois      #.........   41%         3    ####...
 Ice Form                 Ice/Tmut       #.......     83%         4    #####..


Dungeon Overview and Level Annotations

Branches:
Dungeon (4/15)
 Temple: D:4-7

Altars:
Cheibriados
Qazlal
Uskayaw

Annotations:
D:4 Eustachio


Innate Abilities, Weirdness & Mutations

You are too large for most types of armour.
You have claws for hands.
Your metabolism is lightning-fast.
You like to eat raw meat.
Your natural rate of healing is unusually fast.
You are covered in fur. (AC +1)
You have very tough skin. (AC +2)


Message History

The shadow imp gestures at you. Pain shoots through your body!
The bat hits you.
Eustachio hits you with a rapier of speed.
* * * LOW HITPOINT WARNING * * *
The iron imp hits you.
* * * LOW HITPOINT WARNING * * *
The bat hits you but does no damage. x2
Eustachio screams, "This atrocity can only be purified with blood!"
Eustachio hits you but does no damage. The river rat bites you.
* * * LOW HITPOINT WARNING * * *
The shadow imp hits you but does no damage.
The bat hits you but does no damage.
Eustachio hits you with a rapier of speed!
* * * LOW HITPOINT WARNING * * *
The bat hits you but does no damage.
The iron imp shouts, "Decamp, thou pottle-deep motley-minded skainsmate!"
The iron imp hits you.
* * * LOW HITPOINT WARNING * * *
The river rat bites you!
You die...

## #. #.. #.......#
..##.###.####......#
............(.....##
......)....<......#
.....[.....)).)...#
.....?............####...
......†.....<...#.........
.....!..5bb........###....
.......5r@......#.#.......
........5.@.....#...##....
................#..#......
..............#...........
....#...##................
...###...##..[.......#...
..# #....<.....#.####
#.......^..#.# .......##.#


You could see Eustachio, an iron imp, a river rat, a white imp, a shadow imp and
2 bats.

Vanquished Creatures
  An ogre (D:4)
  Crazy Yiuf (D:3)
  A hound (D:4)
  An orc priest (D:3)
  4 adders
  3 gnolls
  A worm (D:3)
  3 dart slugs (D:1)
  2 leopard geckos
  7 orcs (D:3)
  7 bats
  4 giant cockroaches
  5 goblins
  3 hobgoblins
  6 jackals
  A quokka (D:3)
  2 ball pythons
  4 frilled lizards
  4 kobolds
  11 rats
71 creatures vanquished.

Notes
Turn   | Place    | Note
-------+----------+-------------------------------------------
     0 | D:1      | dvd the Troll Transmuter began the quest for the Orb.
     0 | D:1      | Reached XP level 1. HP: 18/18 MP: 1/1
   113 | D:1      | Reached XP level 2. HP: 25/26 MP: 2/2
   470 | D:1      | Reached XP level 3. HP: 28/32 MP: 2/4
   865 | D:2      | Found a faded altar of an unknown god.
   873 | D:2      | Became a worshipper of Uskayaw the Reveler
   873 | D:2      | Reached * piety under Uskayaw
   913 | D:2      | Reached ** piety under Uskayaw
  1350 | D:2      | Found a snail-covered altar of Cheibriados.
  1539 | D:3      | Reached XP level 4. HP: 37/40 MP: 5/5
  1580 | D:3      | Reached skill level 4 in Unarmed Combat
  1658 | D:3      | Found a runed door.
  1662 | D:3      | Noticed Crazy Yiuf
  1668 | D:3      | Killed Crazy Yiuf
  2411 | D:3      | Found a stormy altar of Qazlal.
  2421 | D:3      | Fell from the grace of Uskayaw
  2421 | D:3      | Became a worshipper of Qazlal Stormbringer
  2487 | D:3      | Reached XP level 5. HP: 15/46 MP: 6/6
  2550 | D:4      | Noticed an ogre
  2606 | D:4      | Killed an ogre
  2606 | D:4      | Reached skill level 1 in Fighting
  2620 | D:3      | Learned a level 5 spell: Blade Hands
  2695 | D:4      | Reached XP level 6. HP: 44/55 MP: 8/8
  2723 | D:4      | Noticed Eustachio
  2781 | D:4      | Paralysed by the fury of Uskayaw for 6 turns
  2785 | D:4      | HP: 1/55 [iron imp[Eustachio] (3)]
  2785 | D:4      | Mangled by a river rat

Skill      XL: |  1  2  3  4  5 |
---------------+----------------+-----
Transmutations | 2 3 |  3.1
Unarmed Combat | 4 |  4.6
Fighting       | 1 |  1.0
Dodging        | 2 |  2.0
Spellcasting   | 2 |  2.1
Stealth        | |  0.2

Action                   |  1- 3 |  4- 6 || total
-------------------------+-------+-------++-------
Melee: Unarmed           |    84 |    95 ||   179
       Kick              |     3 |     8 ||    11
       Headbutt          |     3 |     3 ||     6
       Punch             |     1 |       ||     1
 Cast: Beastly Appendage |    17 |    23 ||    40
  Use: Scroll            |       |     6 ||     6
  Eat: Chunk             |    19 |    13 ||    32
Armor: Robe              |    32 |    57 ||    89
Dodge: Dodged            |    39 |    75 ||   114
